 Dungeon Crawl Stone Soup version 0.31.0-11-ge490571c62 (webtiles) character file.

Game seed: 6252095849348644671

23 Fodor the Trooper (level 2, 0/27 HPs)
             Began as a Minotaur Fighter on Jan 29, 2024.
             Succumbed to a kobold's poison
             ... on level 1 of the Dungeon.
             The game lasted 00:02:14 (476 turns).

Fodor the Trooper (Minotaur Fighter)                 Turns: 476, Time: 00:02:15

Health: 0/27       AC:  9    Str: 20    XL:     2   Next: 75%
Magic:  1/1        EV:  7    Int:  5    God:
Gold:   25         SH:  4    Dex:  9    Spells: 1/1 levels left

rFire   . . .        a - +0 war axe
rCold   . . .        c - +0 buckler
rNeg    . . .        j - +0 chain mail
rPois   .            (helmet restricted)
rElec   .            (no cloak)
rCorr   .            (no gloves)
SInv    .            (no boots)
Will    .....        (no amulet) Stlth
                     (no ring)
HPRegen 0.24/turn    (no ring)
MPRegen 0.07/turn

%: no passive effects
@: lethally poisoned (0 -> -15)
A: horns 2, retaliatory headbutt
a: no special abilities


You were on level 1 of the Dungeon.
You visited 1 branch of the dungeon, and saw 1 of its levels.

You collected 25 gold pieces.

Inventory:

Hand Weapons
 a - a +0 war axe (weapon)
Missiles
 i - 5 boomerangs (quivered)
Armour
 c - a +0 buckler (worn)
 j - a +0 chain mail (worn)
Scrolls
 e - a scroll of identify {unknown}
 f - a scroll of acquirement {unknown}
 g - a scroll of amnesia {unknown}
 h - a scroll of poison {unknown}
Potions
 d - a potion of might


   Skills:
 + Level 4.0 Fighting
 + Level 2.8 Axes
 + Level 4.0 Armour
 + Level 0.1 Dodging
 + Level 3.9 Shields


You had one spell level left.
You didn't know any spells.
Your spell library was empty.

Dungeon Overview and Level Annotations

Branches:
Dungeon (1/15)

Altars:


Innate Abilities, Weirdness & Mutations

You have a pair of horns on your head.
You reflexively headbutt those who attack you in melee.


Message History

You start removing your armour.
You continue taking off your +0 scale mail. x4
You finish taking off your +0 scale mail.
You start putting on your armour.
You continue putting on your +0 chain mail. x5
You finish putting on your +0 chain mail.
You drop a +0 scale mail.
A kobold comes into view. It is wielding a +0 whip of venom.
The kobold shouts!
A bat and an endoplasm come into view.
The endoplasm quivers.
The bat hits you but does no damage. The kobold hits you but does no damage.
Found a leather armour.
The kobold hits you but does no damage.
You are poisoned.
You closely miss the kobold. You slash the bat!
You kill the bat!
You feel very sick. The kobold hits you but does no damage.
You hit the kobold but do no damage.
You feel sick. You block the kobold's attack. The endoplasm freezes you.
You are frozen.
The kobold hits you but does no damage.
You are more poisoned.
You hit the kobold but do no damage. Your headbutt misses the kobold.
You hit the endoplasm.
You kill the endoplasm!
You feel very sick.
The kobold hits you with a +0 whip of venom.
You are lethally poisoned!
You hit the kobold.
The kobold is moderately wounded.
You feel very sick. The kobold barely misses you.
The kobold hits you but does no damage.
You are more poisoned.
You hit the kobold.
You kill the kobold!
* * * LOW HITPOINT WARNING * * *
You feel extremely sick.
Found a robe.
You die...

#.......... #.8.8.##
..#...##..... ##. #.....
..#.# ... #.. #### ..#.# ..
... #... .... #.# #.#.[....
..###.# #.. #.#... ..
...... #### #.##... ... ..#
..####....###.... ..#
#.....).@........
♣♣♣♣♣♣♣♣♣..........#...[
...................# #
♣♣♣♣♣♣♣♣♣..........#
#......)...........######
#............#####......##.
#..........................
##...[......######.......##
##...##...## #......##


There were no monsters in sight!

Vanquished Creatures
  2 dart slugs (D:1)
  A bat (D:1)
  3 endoplasms (D:1)
  2 giant cockroaches (D:1)
  2 hobgoblins (D:1)
  A quokka (D:1)
  2 ball pythons (D:1)
  A frilled lizard (D:1)
  2 kobolds (D:1)
  2 rats (D:1)
18 creatures vanquished.

Notes
Turn   | Place    | Note
-------+----------+-------------------------------------------
     0 | D:1      | Fodor the Minotaur Fighter began the quest for the Orb.
     0 | D:1      | Reached XP level 1. HP: 19/19 MP: 0/0
   209 | D:1      | Reached XP level 2. HP: 26/27 MP: 1/1
   476 | D:1      | Succumbed to a kobold's poison

Illustrated notes

Levels and vault maps discovered:
D:1:      ncdulo_halloftheorcs, layout_rooms, serial_forest,
          infiniplex_forest_straight_3, infiniplex_forest_lined_3,
          infiniplex_forest_corner_1, infiniplex_forest_clump_diagonal,
          infiniplex_forest_lined_room_2, infiniplex_forest_clump_medium,
          infiniplex_forest_lined_4_way

Skill      XL: |  1  2 |
---------------+-------+-----
Fighting       | 4 |  4.0
Armour         | 4 |  4.0
Axes           | |  2.8
Dodging        | |  0.1
Shields        | |  3.9

Action                     || total
---------------------------++-------
  Melee: War axe           ||    27
         Headbutt          ||     4
 Armour: Scale mail        ||    11
         Chain mail        ||     7
  Dodge: Dodged            ||    13
  Block: Buckler           ||     8
